 Dungeon Crawl Stone Soup version 0.26-a0-835-g8259106e14 (webtiles) character file.

Game seed: 14149171568377420102

11 Kinoniko the Chopper (level 2, 16/22 HPs)
             Began as a Demonspawn Gladiator on Nov 17, 2020.
             Quit the game on level 1 of the Dungeon.
             The game lasted 00:00:20 (311 turns).

Kinoniko the Chopper (Demonspawn Gladiator)          Turns: 311, Time: 00:00:21

Health: 16/22      AC:  4    Str: 14    XL:     2   Next: 17%
Magic:  2/2        EV: 12    Int:  9    God:
Gold:   30         SH:  0    Dex: 14    Spells: 1/1 levels left

rFire    . . .     SeeInvis .   a - +0 war axe
rCold    . . .     Faith    .   (no shield)
rNeg     . . .     Spirit   .   b - +0 leather armour
rPois    .         Reflect  .   c - +0 helmet
rElec    .         Harm     .   (no cloak)
rCorr    .         Rampage  .   (no gloves)
MR       .....                  (no boots)
Stlth    +.........             (no amulet)
HPRegen  0.07/turn              (no ring)
MPRegen  0.08/turn              (no ring)

@: no status effects
A: claws 1
a: no special abilities


You were on level 1 of the Dungeon.
You visited 1 branch of the dungeon, and saw 1 of its levels.

You collected 30 gold pieces.

Inventory:

Hand Weapons
 a - a +0 war axe (weapon)
Missiles
 d - 3 throwing nets (quivered)
Armour
 b - a +0 leather armour (worn)
 c - a +0 helmet (worn)
Scrolls
 e - a scroll of identify {unknown}
 f - a scroll of teleportation {unknown}


   Skills:
 - Level 2.0 Fighting
 * Level 3.2 Axes
 - Level 1.8 Throwing
 - Level 2.7 Dodging


You had one spell level left.
You didn't know any spells.
Your spell library was empty.

Dungeon Overview and Level Annotations

Branches:
Dungeon (1/15)

Altars:


Innate Abilities, Weirdness & Mutations

You have sharp fingernails.


Message History

Your demonic ancestry asserts itself...
Your fingernails lengthen.
Your leather armour prevents you from hitting the hobgoblin.
The hobgoblin hits you with a +0 club. The hobgoblin barely misses you.
You hit the hobgoblin but do no damage. The hobgoblin closely misses you.
You slash the hobgoblin!
You kill the hobgoblin!
You see here a +0 club.
You barely miss the rat. The rat barely misses you. x2
You hit the rat but do no damage. The rat barely misses you.
You slash the rat!
You kill the rat!
No target in view!
No target in view!
No target in view!
No target in view!
No target in view!
Quiver which item? (- for none, * to show all) (? for menu, Esc to quit)
Okay, then.
Are you sure you want to abandon this character and quit the game? (Confirm with "yes".)

... ### ...# #.. .. ..≈#
##≈. .. #.≈# #≈≈. .
#.≈## ### #≈≈. ###
#.#.≈≈# ... #≈≈.
....#.#.≈≈#####.#####≈≈.
#...†..≈≈≈≈≈#.#≈≈≈≈≈..
#...@.≈≈≈≈≈#.#≈≈≈≈≈..
#...†..≈≈≈≈#.#≈≈≈≈...
#.......≈≈≈#.#≈≈≈....
#.>.......≈#.#≈......
#...............#....
#........(#(...##....
#.........#...[##....
##################..[
#....


There were no monsters in sight!

Vanquished Creatures
  2 dart slugs (D:1)
  A goblin (D:1)
  A hobgoblin (D:1)
  A bat (D:1)
  2 kobolds (D:1)
  A rat (D:1)
8 creatures vanquished.

Notes
Turn   | Place    | Note
-------+----------+-------------------------------------------
     0 | D:1      | Kinoniko the Demonspawn Gladiator began the quest for the
                  | Orb.
     0 | D:1      | Reached XP level 1. HP: 16/16 MP: 1/1
   302 | D:1      | Reached skill level 3 in Axes
   304 | D:1      | Gained mutation: You have sharp fingernails. [demonic
                  | ancestry]
   304 | D:1      | Reached XP level 2. HP: 17/22 MP: 2/2
   311 | D:1      | Quit the game

Illustrated notes

Levels and vault maps discovered:
D:1:      eino_arrival_tree_alley, layout_rooms, serial_glass, glass_columns_a,
          glass_columns_a, grunt_decor_junction, minmay_split_cup_large

Skill      XL: |  1 |
---------------+----+-----
Axes           | 3 |  3.2
Fighting       | |  2.0
Throwing       | |  1.8
Dodging        | |  2.7

Action                   || total
-------------------------++-------
Melee: War axe           ||    17
Armor: Leather armour    ||     6
Dodge: Dodged            ||    17

Table legend: (Time is in decaauts)
 A = Elapsed time spent in this place.
 B = Non-inter-level travel time spent in this place.
 C = Inter-level travel time spent in this place.
 D = Time resting spent in this place.
 E = Time spent auto-exploring this place.
 F = Levels seen in this place.
 G = Mean time per level.
                   A        B        C        D        E       F      G
               +--------+--------+--------+--------+--------+-----+--------+
         Total |    317 |    317 |      0 |    215 |     65 |   1 |  317.0 |
       Dungeon |    317 |    317 |      0 |    215 |     65 |   1 |  317.0 |
               +--------+--------+--------+--------+--------+-----+--------+

Top non-repeatable levels by time:
     D:1: 317 daAuts
